 Dungeon Crawl Stone Soup version 0.18-a0-844-g9229740 (webtiles) character file.

227 JokEr the Insei (level 6, 0/63 HPs)
             Began as an Octopode Transmuter on Dec 18, 2015.
             Slain by a giant frog (2 damage)
             ... in a sewer.
             The game lasted 00:06:07 (4498 turns).

JokEr the Insei (Octopode Transmuter)               Turns: 4498, Time: 00:06:07

Health: 0/63       AC: 23    Str:  9    XL:     6   Next: 2%
Magic:  9/9        EV:  2    Int: 18    God:
Gold:   151        SH:  0    Dex: 12    Spells: 2 memorised, 4 levels left

rFire  . . .     SeeInvis .       - Unarmed
rCold  . . .     Gourm    .     (no shield)
rNeg   + + +     Faith    .     (helmet currently unavailable)
rPois  +         Spirit   .     (no amulet)
rElec  .         Dismiss  .     (no ring)
rCorr  .         Reflect  .     (no ring)
SustAt .         Harm     .     (no ring)
MR     .....     NoTele   +     (no ring)
Stlth  +.........               (no ring)
                                (no ring)
                                (no ring)
                                (no ring)

@: tree-form, not resistant to hostile enchantments, very unstealthy
A: almost no armour, amphibious, 8 rings, (constrict 8), (camouflage 0),
(gelatinous body 0)
a: no special abilities


You were in a sewer.
You were not hungry.
You were a tree.
You visited 1 branch of the dungeon, and saw 3 of its levels.
You also visited: Sewer.

You collected 151 gold pieces.

Inventory:

Missiles
 a - 12 arrows
Jewellery
 o - the ring "Fuiveh" {rElec rF+ rC+ rN+ MR-, unknown}
   (You found it in a sewer)

   [ring of protection from fire]

   It protects you from fire.
   It protects you from cold.
   It insulates you from electricity.
   It protects you from negative energy.
   It affects your resistance to hostile enchantments.
Scrolls
 g - a scroll of teleportation
 l - a scroll of immolation {unknown}
 n - a scroll of fear {unknown}
Potions
 d - 2 potions of lignification
 e - a potion of curing {unknown}
 h - 2 potions of flight {unknown}
 k - 3 potions of magic {unknown}
 m - a potion of might {unknown}
Books
 b - a book of Changes

   Spells                             Type                      Level
   a - Beastly Appendage              Transmutation                1
   b - Sticks to Snakes               Transmutation                2
   c - Spider Form                    Transmutation/Poison         3
   d - Ice Form                       Ice/Transmutation            4
   e - Blade Hands                    Transmutation                5
Comestibles
 c - 2 bread rations
 f - 2 meat rations
 i - 2 chunks of flesh
 j - a slice of pizza


   Skills:
 + Level 3.1 Fighting
 - Level 2.0 Dodging
 + Level 4.4 Unarmed Combat
 - Level 2.0 Spellcasting
 - Level 3.8 Transmutations
 + Level 0.4 Ice Magic


You had 4 spell levels left.
You knew the following spells:

 Your Spells              Type           Power        Failure   Level  Hunger
a - Beastly Appendage     Trmt           ###...       4%          1    #......
b - Ice Form              Ice/Trmt       #.......     78%         4    #####..


Dungeon Overview and Level Annotations

Branches:
Dungeon (3/15)

Altars:
Dithmenos


Innate Abilities, Weirdness & Mutations

You cannot wear most types of armour.
You are amphibious.
You can wear up to eight rings at the same time.
((You can use your tentacles to constrict eight enemies at once.))
((Your skin changes colour to match your surroundings (Stealth).))
((Your rubbery body absorbs attacks (AC +1).))


Message History

There are monsters nearby!
There are monsters nearby!
There are monsters nearby!
There are monsters nearby!
There are monsters nearby!
There are monsters nearby!
The giant frog hits you.
* * * LOW HITPOINT WARNING * * *
The giant frog hits you but does no damage. x3
The giant frog hits you but does no damage. x2
The giant frog hits you but does no damage.
The giant frog hits you.
* * * LOW HITPOINT WARNING * * *
The giant frog hits you but does no damage. x2
The giant frog hits you.
* * * LOW HITPOINT WARNING * * *
The giant frog hits you but does no damage.
The giant frog hits you but does no damage. x3
The giant frog hits you.
You die...

≈≈≈≈≈≈≈≈≈≈≈≈≈##
≈≈≈≈≈≈≈≈≈≈≈≈≈≈≈#
.≈≈≈≈≈≈≈≈≈≈≈.∩≈≈#
#.≈≈≈≈≈≈≈≈....≈≈≈##
#.≈≈≈≈≈≈≈≈.≈..≈≈≈≈# ###
#.≈≈≈≈≈≈≈≈≈≈≈≈≈≈≈≈# #.#
#.≈≈≈≈≈≈≈.≈[.≈≈≈≈≈# #∩#
#.≈≈≈≈≈≈≈≈.♣F.≈≈≈≈# #.#
#.≈≈≈≈≈≈≈≈≈)F.≈≈≈≈# #∩#
#.≈≈≈.≈≈≈≈≈.≈≈≈≈≈≈# #.#
#.≈≈≈.≈≈≈≈≈≈≈≈≈≈≈## #.#
#.≈≈≈.≈≈≈≈≈≈≈≈≈≈≈#
##÷###.≈≈≈.≈≈≈≈≈≈≈≈≈≈≈#
#.≈.##.≈≈†.#≈≈≈≈≈≈≈≈≈##
#≈≈≈##.≈≈≈.#≈≈≈≈≈≈≈≈##
#.≈≈##.≈≈≈.###≈≈≈≈≈##


You could see 2 giant frogs.

Vanquished Creatures
  Crazy Yiuf (D:2)
  Jessica (D:2)
  An orc wizard (D:3)
  Robin (D:2)
  6 adders
  A river rat (D:3)
  An ooze (D:2)
  A worm (D:2)
  4 giant geckos
  4 orcs (D:3)
  9 goblins
  8 hobgoblins
  2 ball pythons
  6 bats
  3 giant cockroaches
  9 giant newts
  5 kobolds
  A quokka (D:2)
  8 rats
72 creatures vanquished.

Notes
Turn   | Place    | Note
--------------------------------------------------------------
     0 | D:1      | JokEr the Octopode Transmuter began the quest for the Orb.
     0 | D:1      | Reached XP level 1. HP: 13/13 MP: 3/3
   773 | D:1      | Reached XP level 2. HP: 8/18 MP: 3/5
  1458 | D:2      | Found a shadowy altar of Dithmenos.
  1469 | D:2      | Reached XP level 3. HP: 8/24 MP: 4/6
  1767 | D:2      | Noticed Jessica
  1776 | D:2      | Killed Jessica
  1776 | D:2      | Reached XP level 4. HP: 2/29 MP: 7/7
  2984 | D:2      | Noticed Robin
  2988 | D:2      | Reached skill level 4 in Unarmed Combat
  2995 | D:2      | Killed Robin
  3234 | D:2      | Reached XP level 5. HP: 35/35 MP: 6/8
  3416 | D:2      | Noticed Crazy Yiuf
  3425 | D:2      | Killed Crazy Yiuf
  4030 | D:3      | Learned a level 4 spell: Ice Form
  4407 | D:3      | Found a glowing drain.
  4411 | Sewer    | Entered a sewer
  4423 | Sewer    | Reached XP level 6. HP: 37/42 MP: 9/9
  4482 | Sewer    | Got a slimy turquoise ring
  4496 | Sewer    | HP: 2/63 [giant frog (3)]
  4498 | Sewer    | Slain by a giant frog

Vault maps used:
D:1:      dpeg_arrival_water_fire, interstate_on_off
D:2:      nicolae_dithmenos_through_a_glass_darkly, uniq_jessica,
          uniq_crazy_yiuf_cottage, uniq_robin
D:3:      tso_oasis_becter, gup_sewer_entry_bowl
Sewer:    sewer_frog_island_01

Action                   |  1- 3 |  4- 6 || total
-------------------------+-------+-------++-------
Melee: Unarmed           |    46 |   126 ||   172
 Cast: Beastly Appendage |    14 |    30 ||    44
  Use: Scroll            |     3 |       ||     3
       Potion            |       |     1 ||     1
 Stab: Sleeping          |       |     4 ||     4
  Eat: Chunk             |     2 |    10 ||    12
